 Dungeon Crawl Stone Soup version 0.19.1 (webtiles) character file.

109 esteth the Conjurer (level 4, -2/24 HPs)
             Began as a Deep Elf Conjurer on Dec 13, 2016.
             Slain by a hound (4 damage)
             ... on level 4 of the Dungeon.
             The game lasted 00:15:59 (2846 turns).

esteth the Conjurer (Deep Elf Conjurer)             Turns: 2846, Time: 00:16:00

Health: -2/24      AC:  2    Str:  8    XL:     4   Next: 60%
Magic:  0/13       EV: 13    Int: 21    God:
Gold:   74         SH:  0    Dex: 15    Spells: 2 memorised, 8 levels left

rFire  + . .     SeeInvis .     (no weapon)
rCold  . . .     Gourm    .     a - +0 robe
rNeg   . . .     Faith    .     (no shield)
rPois  .         Spirit   .     (no helmet)
rElec  .         Reflect  .     (no cloak)
rCorr  .         Harm     .     (no gloves)
MR     .....                    (no boots)
Stlth  ++........               (no amulet)
                                m - ring of protection from fire
                                j - +3 ring of strength

@: no status effects
A: no striking features
a: no special abilities


You were on level 4 of the Dungeon.
You were not hungry.

You visited 1 branch of the dungeon, and saw 4 of its levels.

You collected 74 gold pieces.

Inventory:

Armour
 a - a +0 robe (worn)
Jewellery
 j - a +3 ring of strength (left hand)
 m - a ring of protection from fire (right hand)
 v - an uncursed ring of ice
Scrolls
 c - a scroll of noise {unknown}
 d - 2 scrolls of fog {unknown}
 e - a scroll of fear {unknown}
 i - 7 scrolls of identify
 l - a scroll of recharging {unknown}
 n - a scroll of random uselessness {unknown}
 o - a scroll of teleportation {unknown}
 p - a scroll of enchant armour {unknown}
 q - a scroll of amnesia {unknown}
 s - a scroll of magic mapping {unknown}
Potions
 f - 3 potions of degeneration {unknown}
 k - a potion of curing {unknown}
Books
 b - a book of Conjurations

   Spells                             Type                      Level
   a - Magic Dart                     Conjuration                  1
   b - Searing Ray                    Conjuration                  2
   c - Dazzling Spray                 Conjuration/Hexes            3
   d - Fulminant Prism                Conjuration/Hexes            4
   e - Iskenderun's Mystic Blast      Conjuration                  4
   f - Iskenderun's Battlesphere      Conjuration/Charms           5
Comestibles
 g - 2 slices of pizza
 h - a beef jerky
 r - 2 meat rations
 t - 6 fruits
 u - a bread ration


   Skills:
 - Level 2.4 Dodging
 - Level 2.4 Stealth
 + Level 5.0 Spellcasting
 + Level 5.6 Conjurations


You had 8 spell levels left.
You knew the following spells:

 Your Spells              Type           Power        Failure   Level  Hunger
a - Magic Dart            Conj           ####         1%          1    None
b - Iskenderun's Mystic   Conj           ####....     14%         4    ####...


Dungeon Overview and Level Annotations

Branches:
Dungeon (4/15)
 Temple: D:4-7

Altars:
Cheibriados
Sif Muna
Xom
Yredelemnul
Zin

Annotations:
D:3 Sigmund
D:4 exclusion: ogre, Philosophy's ghost, novice FoFi


Message History

The gnoll misses you.
A gnoll comes into view. It is wielding a flail.
The hound bites you.
* * * LOW HITPOINT WARNING * * *
The gnoll closely misses you.
You see here a fuming silvery potion.
A gnoll comes into view. It is wielding a spear.
The gnoll shouts!
The hound closely misses you. The hound barely misses you. The hound bites you.
* * * LOW HITPOINT WARNING * * *
Casting: Iskenderun's Mystic Blast
Confirm with . or Enter, or press ? or * to list all spells.
Aiming: Iskenderun's Mystic Blast
Press: ? - help, Shift-Dir - straight line, p - gnoll The orb of energy hits the hound.
The hound is severely wounded.
The hound bites you but does no damage. The hound bites you.
You die...

#.#.#. .. .....
.# #.#. .# ...
.# ## ..#.#
.####. ...#
...... #..#
..#... #@.#
.!... #hg###
..# #....# ..#
#####.g.g# ..#
#........# ..#
....####g..#
......
...g......g####
..g...
..###....g..##
####.. .
#.........#


You could see a hound and 6 gnolls.

Vanquished Creatures
  A gnoll (D:4)
  4 adders
  2 worms (D:2)
  2 dart slugs
  2 leopard geckos (D:2)
  2 bats (D:2)
  A giant cockroach (D:2)
  2 hobgoblins (D:2)
  8 jackals
  10 kobolds
  3 quokkas (D:2)
  A ball python (D:4)
  7 frilled lizards
  3 goblins
  A leopard gecko skeleton (D:4)
  4 rats
53 creatures vanquished.

Notes
Turn   | Place    | Note
-------+----------+-------------------------------------------
     0 | D:1      | esteth the Deep Elf Conjurer began the quest for the Orb.
     0 | D:1      | Reached XP level 1. HP: 10/10 MP: 6/6
   508 | D:1      | Reached XP level 2. HP: 15/15 MP: 6/8
  1084 | D:2      | Reached skill level 5 in Conjurations
  1094 | D:2      | Reached XP level 3. HP: 19/19 MP: 0/10
  1241 | D:2      | Found a snail-covered altar of Cheibriados.
  1560 | D:2      | Reached XP level 4. HP: 24/24 MP: 9/12
  1572 | D:2      | Learned a level 4 spell: Iskenderun's Mystic Blast
  1576 | D:2      | Found a deep blue altar of Sif Muna.
  1782 | D:2      | Found a faded altar of an unknown god.
  1782 | D:2      | Found a faded altar of an unknown god.
  1789 | D:2      | Found a faded altar of an unknown god.
  1791 | D:2      | Found a basalt altar of Yredelemnul.
  1792 | D:2      | Found a faded altar of an unknown god.
  2035 | D:3      | Noticed Sigmund
  2089 | D:3      | Found a faded altar of an unknown god.
  2708 | D:4      | Noticed an ogre
  2774 | D:4      | Reached skill level 5 in Spellcasting
  2777 | D:4      | Noticed Philosophy's ghost (novice FoFi)
  2809 | D:3      | You fall through a shaft!
  2813 | D:4      | Found a shimmering altar of Xom.
  2813 | D:4      | Found a glowing silver altar of Zin.
  2813 | D:4      | Noticed an angel
  2846 | D:4      | Slain by a hound

Skill      XL: |  1  2  3  4 |
---------------+-------------+-----
Spellcasting   | 4 5 |  5.0
Conjurations   | 5 |  5.6
Dodging        | |  2.4
Stealth        | |  2.4

Action                   |  1- 3 |  4- 6 || total
-------------------------+-------+-------++-------
Melee: Unarmed           |     5 |       ||     5
 Cast: Magic Dart        |    75 |    33 ||   108
       Iskenderun's Myst |       |     5 ||     5
  Use: Scroll            |       |     1 ||     1
  Eat: Chunk             |     2 |     1 ||     3
       Bread ration      |       |     1 ||     1
Armor: Robe              |     2 |     3 ||     5
Dodge: Dodged            |     8 |    14 ||    22
